 Dungeon Crawl Stone Soup version 0.21.1-1-g345015f (webtiles) character file.

13154 RudyRod the Basher (level 12, -7/103 HPs)
             Began as a Ghoul Monk on May 17, 2018.
             Was a High Priest of Okawaru.
             Mangled by a red ugly thing (13 damage)
             ... on level 11 of the Dungeon.
             The game lasted 00:54:38 (15341 turns).

RudyRod the Basher (Ghoul Monk)                    Turns: 15341, Time: 00:54:38

Health: -7/103     AC: 21    Str: 20    XL:     12   Next: 3%
Magic:  24/24      EV:  7    Int:  5    God:    Okawaru [*****.]
Gold:   203        SH: 10    Dex: 18    Spells: 11/11 levels left

rFire    . . .     SeeInvis .   J - +2 flail (freeze)
rCold    + . .     Gourm    .   z - +0 shield (curse)
rNeg     + + +     Faith    .   p - +0 plate armour
rPois    ∞         Spirit   .   E - +2 helmet of Modesty {Dex+7}
rElec    .         Reflect  .   q - +0 cloak
rCorr    .         Harm     .   (no gloves)
MR       .....                  K - +1 pair of boots
Stlth    ..........             (no amulet)
HPRegen  0.00/turn              j - ring of magical power
MPRegen  0.19/turn              (no ring)

@: rotting, hasted, very quick
A: rotting body, claws 1, carnivore, cold resistance 1, negative energy
resistance 3, inhibited regeneration, torment resistance, unbreathing
a: Heroism, Finesse, Renounce Religion


You were on level 11 of the Dungeon.
You worshipped Okawaru.
Okawaru was extremely pleased with you.
You were not hungry.

You visited 2 branches of the dungeon, and saw 12 of its levels.

You collected 757 gold pieces.
You spent 554 gold pieces at shops.

Inventory:

Hand Weapons
 a - a +1 mace
 t - the +7 Spriggan's Knife {MR+ EV+4 Dex+4 Stlth+}
   (Okawaru gifted it to you on level 9 of the Dungeon)

   It affects your evasion (+4).
   It affects your dexterity (+4).
   It affects your resistance to hostile enchantments.
   It makes you more stealthy.
 v - a cursed +0 morningstar
 y - a +0 dire flail
 A - a +0 flail of protection
 G - the +6 arbalest "Ciply" {freeze, Str-4 Int+3 Dex+4, unknown}
   (Okawaru gifted it to you on level 10 of the Dungeon)

   It causes projectiles fired from it to freeze those they strike, causing
   extra injury to most foes and up to half again as much damage against
   particularly susceptible opponents.
   They can also slow down cold-blooded creatures.
   It affects your strength (-4).
   It affects your intelligence (+3).
   It affects your dexterity (+4).
 J - a +2 flail of freezing (weapon)
Missiles
 k - 11 curare-tipped needles
 H - 8 tomahawks of returning (quivered)
Armour
 b - a +0 robe
 d - a scarf of cloud immunity
 f - a +0 ring mail
 o - a +2 hat
 p - a +0 plate armour (worn)
 q - a +0 cloak (worn)
 z - a cursed +0 shield (worn)
 E - the +2 helmet of Modesty (worn) {Dex+7}
   (You bought it in a shop on level 5 of the Dungeon)

   It affects your dexterity (+7).
 K - a +1 pair of boots (worn)
Jewellery
 j - a ring of magical power (left claw)
Wands
 g - a wand of flame (23)
 m - a wand of acid (16)
 w - a wand of paralysis (2)
 B - a wand of enslavement (2)
Scrolls
 e - 7 scrolls of identify
 h - 2 scrolls of magic mapping
 s - 5 scrolls of remove curse
 L - a scroll of blinking {unknown}
Potions
 i - a potion of magic
 n - a potion of haste
 r - a potion of curing
 u - a potion of ambrosia
 M - a potion of invisibility {unknown}
Books
 C - a book of Necromancy

   Spells                             Type                      Level
   a - Pain                           Necromancy                   1
   b - Animate Skeleton               Necromancy                   1
   c - Vampiric Draining              Necromancy                   3
   d - Regeneration                   Charms/Necromancy            3
   e - Animate Dead                   Necromancy                   4
   f - Borgnjor's Vile Clutch         Necromancy/Earth             5
 F - a book of Misfortune

   Spells                             Type                      Level
   a - Confusing Touch                Hexes                        1
   b - Confuse                        Hexes                        3
   c - Gell's Gravitas                Translocation                3
   d - Petrify                        Transmutation/Earth          4
   e - Metabolic Englaciation         Hexes/Ice                    5
   f - Yara's Violent Unravelling     Hexes/Transmutation          5
Comestibles
 c - 26 rations
 D - 7 chunks of flesh


   Skills:
 + Level 8.6 Fighting
 + Level 10.5 Maces & Flails
 + Level 0.1 Throwing
 + Level 9.1 Armour
 + Level 4.8 Dodging
 + Level 3.8 Stealth
 * Level 5.3 Shields
 + Level 5.5 Invocations


You had 11 spell levels left.
You didn't know any spells.

Dungeon Overview and Level Annotations

Branches:
Dungeon (11/15)            Temple (1/1) D:5            Lair (0/6) D:9
    Orc (0/2) D:9

Altars:
Ashenzari
Cheibriados
Dithmenos
Elyvilon
Fedhas
Gozag
Hepliaklqana
Kikubaaqudgha
Makhleb
Nemelex Xobeh
Okawaru
Qazlal
Ru
Sif Muna
Trog
Uskayaw
Vehumet
Wu Jian
Xom
Yredelemnul
Zin
The Shining One

Shops:
D:5 *[%   D:9 (

Annotations:
D:3 kalagan's ghost, amateur DESu
D:10 fly's ghost, journeyman DDNe


Innate Abilities, Weirdness & Mutations

Your body is rotting away.
You thrive on raw meat.
You are immune to poison.
You have sharp fingernails.
You are carnivorous and can eat meat at any time.
Your flesh is cold resistant. (rC+)
You are immune to negative energy. (rN+++)
You do not regenerate when monsters are visible.
You are immune to unholy pain and torment.
You can survive without breathing.


Message History

Clearing level map.
You close the door.
You feel yourself slow down.
Something unseen opens the door.
c - 26 rations (gained 1)
Your claws slow down.
A soldier ant comes into view.
The soldier ant twitches its antennae in your direction.
As you read the scroll labeled ISIZ FIUSEE, it crumbles to dust.
The scroll dissolves into smoke.
It was a scroll of fog.
You feel yourself speed up.
The soldier ant stings you but does no damage.
The orc throws a stone.
The stone hits you but does no damage.
You see here a stone.
The orc throws a stone.
The stone hits you but does no damage.
You see here a stone.
The red ugly thing engulfs you!
* * * LOW HITPOINT WARNING * * *
You are engulfed in flames!
You die...

#.......# # #.......# #
#.......######### #
#...§§§..........# ###
#...§§§..........# #..
#...a§§..........# #..
#....§........)..# #..
#....(u..........#.. #..
#.....(@.........#...#..
#.......Yo.......#...##.
########.W.o...(.#...##.
#.........#......
#........[#.....u
#....Y....#......
#.........#......
#.........'......
#........÷######.


You could see a red ugly thing, 2 yaks, a phantom, a soldier ant, an orc wizard
and an orc.

Vanquished Creatures
  5 two-headed ogres
  An unseen horror (D:11)
  Maurice (D:9)
  2 slime creatures (D:10)
  A cyclops (D:11)
  Joseph (D:7)
  A troll (D:8)
  2 hippogriffs
  3 yaks
  3 wyverns
  A hungry ghost (D:10)
  A steam dragon (D:10)
  Menkaure (D:5)
  2 water moccasins
  A swamp drake (D:9)
  A black bear (D:10)
  3 sky beasts
  13 ogres
  4 ice beasts
  4 orc warriors
  2 phantoms
  A crocodile (D:10)
  4 centaurs
  6 bullfrogs
  A gnoll sergeant (D:9)
  2 scorpions
  11 killer bees
  10 wights
  3 howler monkeys
  10 crimson imps
  A quasit (D:9)
  A bullfrog zombie (D:11)
  3 hounds
  2 jellies
  5 orc priests
  2 bullfrog skeletons
  5 orc wizards
  2 iguanas (D:10)
  Natasha (thrice) (D:3)
  6 worker ants
  A hound zombie (D:5)
  A howler monkey zombie (D:9)
  7 gnolls
  A howler monkey skeleton (D:4)
  10 adders
  A shadow imp (D:5)
  An ooze (D:7)
  2 adder zombies
  An adder skeleton (D:6)
  A worm (D:2)
  3 dart slugs
  11 leopard geckos
  39 orcs
  3 ball pythons
  6 giant cockroaches
  3 hobgoblins
  11 jackals
  6 kobolds
  A quokka (D:3)
  9 bats
  7 frilled lizards
  6 goblins
  2 leopard gecko skeletons (D:5)
  A quokka skeleton (D:7)
  9 rats
274 creatures vanquished.

Vanquished Creatures (others)
  A howler monkey (D:10)
  An adder (D:10)
  A frilled lizard (D:3)
3 creatures vanquished.

Grand Total: 277 creatures vanquished

Notes
Turn   | Place    | Note
-------+----------+-------------------------------------------
     0 | D:1      | RudyRod the Ghoul Monk began the quest for the Orb.
     0 | D:1      | Reached XP level 1. HP: 19/19 MP: 0/0
   231 | D:1      | Reached XP level 2. HP: 24/26 MP: 1/1
   612 | D:1      | Reached XP level 3. HP: 32/33 MP: 2/2
  1112 | D:2      | Reached skill level 3 in Maces & Flails
  1194 | D:2      | Reached skill level 1 in Armour
  1494 | D:2      | Reached XP level 4. HP: 40/40 MP: 3/3
  1971 | D:3      | Found a sacrificial altar of Ru.
  2081 | D:3      | Noticed kalagan's ghost (amateur DESu)
  2184 | D:3      | Noticed a bullfrog
  2195 | D:3      | Killed a bullfrog
  2195 | D:3      | Reached XP level 5. HP: 30/46 MP: 4/4
  2310 | D:3      | Noticed Natasha
  2317 | D:3      | Killed Natasha
  2338 | D:3      | Found a radiant altar of Vehumet.
  2599 | D:3      | Noticed Natasha
  2608 | D:3      | Killed Natasha
  2635 | D:3      | Noticed Natasha
  2652 | D:3      | Killed Natasha
  2652 | D:3      | Reached XP level 6. HP: 34/53 MP: 5/5
  2982 | D:4      | Found an iron altar of Okawaru.
  2990 | D:4      | Became a worshipper of Warmaster Okawaru
  2990 | D:4      | Reached * piety under Okawaru
  2990 | D:4      | Reached ** piety under Okawaru
  3029 | D:4      | Reached skill level 4 in Maces & Flails
  3400 | D:4      | Noticed a phantom
  4028 | D:4      | Killed a phantom
  4028 | D:4      | Reached XP level 7. HP: 19/60 MP: 6/6
  4352 | D:5      | Entered Level 5 of the Dungeon
  4389 | D:5      | Found Pulei's Food Shoppe.
  4396 | D:5      | Found Puurghid's Armour Shoppe.
  4399 | D:5      | Bought a scarf of cloud immunity for 84 gold pieces
  4492 | D:5      | Noticed Menkaure
  4502 | D:5      | Killed Menkaure
  4855 | D:5      | Reached skill level 5 in Maces & Flails
  4988 | D:5      | Found a staircase to the Ecumenical Temple.
  4999 | Temple   | Entered the Ecumenical Temple
  5218 | D:6      | Reached *** piety under Okawaru
  5218 | D:6      | Reached XP level 8. HP: 40/67 MP: 7/7
  5528 | D:6      | Reached skill level 5 in Armour
  5807 | D:6      | Reached skill level 5 in Fighting
  6078 | D:5      | Found a deep blue altar of Sif Muna.
  6081 | D:5      | Found a shimmering altar of Xom.
  6207 | D:5      | Found Xyoz Pui's General Store.
  6275 | D:5      | Found an opulent altar of Gozag.
  6314 | D:5      | Reached skill level 6 in Maces & Flails
  7192 | D:6      | Reached XP level 9. HP: 51/74 MP: 8/8
  7219 | D:6      | Reached skill level 1 in Invocations
  7544 | D:7      | Reached **** piety under Okawaru
  7819 | D:7      | Found a blossoming altar of Fedhas.
  7853 | D:7      | Noticed Joseph
  8277 | D:7      | Killed Joseph
  8277 | D:7      | Reached skill level 7 in Maces & Flails
  8402 | D:8      | Noticed a two-headed ogre
  8924 | D:8      | Found a sparkling altar of Nemelex Xobeh.
  9106 | D:8      | Killed a two-headed ogre
  9106 | D:8      | Reached ***** piety under Okawaru
  9106 | D:8      | Reached skill level 8 in Maces & Flails
  9106 | D:8      | Reached XP level 10. HP: 83/83 MP: 12/12
  9391 | D:8      | Paralysed by a crimson imp for 7 turns
  9433 | D:8      | Reached skill level 5 in Invocations
  9992 | D:9      | Noticed a two-headed ogre
 10002 | D:9      | Killed a two-headed ogre
 10633 | D:9      | Reached skill level 9 in Maces & Flails
 10873 | D:9      | Received a gift from Okawaru
 10874 | D:9      | Found the +7 Spriggan's Knife {MR+ EV+4 Dex+4 Stlth+}
 10989 | D:8      | Reached skill level 1 in Shields
 11425 | D:9      | Reached XP level 11. HP: 81/92 MP: 14/14
 11558 | D:9      | Found a staircase to the Lair.
 11562 | D:9      | Noticed Maurice
 11924 | D:9      | Killed Maurice
 11974 | D:9      | Found Xodgharagg's Antique Weapon Boutique.
 12023 | D:9      | Found a white marble altar of Elyvilon.
 12335 | D:9      | Found a stormy altar of Qazlal.
 12390 | D:9      | Noticed a two-headed ogre
 12408 | D:9      | Killed a two-headed ogre
 12768 | D:9      | Found a staircase to the Orcish Mines.
 12958 | D:5      | Bought the +2 helmet of Modesty {Dex+7} for 470 gold pieces
 13123 | D:10     | Entered Level 10 of the Dungeon
 13123 | D:10     | Noticed a two-headed ogre
 13141 | D:10     | Killed a two-headed ogre
 13141 | D:10     | Received a gift from Okawaru
 13141 | D:10     | Received a gift from Okawaru
 13149 | D:10     | Got a crude arbalest {god gift}
 13229 | D:10     | Noticed fly's ghost (journeyman DDNe)
 13984 | D:10     | Reached skill level 10 in Maces & Flails
 14941 | D:11     | Killed an unseen horror
 14943 | D:11     | Noticed a two-headed ogre
 15035 | D:11     | Noticed a red ugly thing
 15228 | D:11     | Noticed a cyclops
 15238 | D:11     | Killed a cyclops
 15238 | D:11     | Reached skill level 5 in Shields
 15251 | D:11     | Killed a two-headed ogre
 15251 | D:11     | Reached XP level 12. HP: 57/103 MP: 15/15
 15341 | D:11     | Mangled by a red ugly thing

Skill      XL: |  1  2  3  4  5  6  7  8  9 10 11 |
---------------+----------------------------------+-----
Maces & Flails | 3 4 5 6 8 9 10 | 10.5
Armour         | 1 2 3 4 6 7 8 9 |  9.1
Dodging        | 3 4 |  4.8
Fighting       | 4 5 6 7 8 |  8.6
Stealth        | 3 |  3.8
Invocations    | 4 5 |  5.5
Shields        | 1 5 |  5.3
Throwing       | |  0.1

Action                   |  1- 3 |  4- 6 |  7- 9 | 10-12 || total
-------------------------+-------+-------+-------+-------++-------
Melee: Mace              |   128 |   200 |   574 |   225 ||  1127
       Punch             |       |       |     2 |     1 ||     3
       Flail             |       |       |       |   577 ||   577
       Dire flail        |       |       |       |    16 ||    16
Throw: Throwing net      |       |       |     2 |       ||     2
       Tomahawk          |       |       |       |     4 ||     4
Invok: Heroism           |       |       |     7 |    17 ||    24
       Finesse           |       |       |       |     2 ||     2
Evoke: Wand              |       |       |       |     3 ||     3
  Use: Scroll            |       |     6 |     2 |     3 ||    11
       Potion            |       |     4 |     6 |     4 ||    14
 Stab: Sleeping          |     2 |       |       |       ||     2
       Distracted        |       |     1 |       |       ||     1
       Held in net/web   |       |       |     1 |       ||     1
       Paralysed         |       |       |       |     8 ||     8
  Eat: Chunk             |     7 |    15 |    36 |    27 ||    85
       Ration            |       |       |       |     1 ||     1
Armor: Robe              |     6 |       |       |       ||     6
       Ring mail         |    47 |    75 |   216 |       ||   338
       Plate armour      |       |       |   101 |   452 ||   553
Dodge: Dodged            |    77 |   112 |   361 |   220 ||   770
Block: Shield            |       |       |       |   297 ||   297
